 Dungeon Crawl Stone Soup version 0.21.1-1-g345015f (webtiles) character file.

65 inc the Vexing (level 3, -4/14 HPs)
             Began as a Felid Enchanter on Feb 21, 2018.
             Slain by a centaur (7 damage)
             ... on level 2 of the Dungeon.
             The game lasted 00:04:23 (2421 turns).

inc the Vexing (Felid Enchanter)                    Turns: 2421, Time: 00:04:24

Health: -4/14      AC:  1    Str:  4    XL:     3   Next: 94%
Magic:  0/7        EV: 19    Int: 17    God:
Gold:   81         SH:  0    Dex: 16    Spells: 0/6 levels left
                                        Lives:  0   Deaths: 0

rFire    . . .     SeeInvis +     - Unarmed
rCold    . . .     Gourm    .   (shield unavailable)
rNeg     . . .     Faith    .   (armour unavailable)
rPois    .         Spirit   .   (helmet unavailable)
rElec    .         Reflect  .   (cloak unavailable)
rCorr    .         Harm     .   (gloves unavailable)
MR       .....                  (boots unavailable)
Stlth    +++.......             (no amulet)
HPRegen  0.04/turn              (no ring)
MPRegen  0.10/turn              (no ring)

@: very slightly contaminated, quick
A: very small, no armour, no weapons or thrown items, stealth, claws 1, fangs 3,
see invisible, carnivore, speed 1, shaggy fur 1, slow metabolism 1, sharp paws
a: no special abilities


You were on level 2 of the Dungeon.
You were completely stuffed.

You visited 1 branch of the dungeon, and saw 2 of its levels.

You collected 81 gold pieces.

Inventory:

Scrolls
 d - 3 scrolls of teleportation {unknown}
 e - 2 scrolls of remove curse {unknown}
 f - a scroll of amnesia {unknown}
 i - a scroll of immolation {unknown}
Potions
 c - 2 potions of curing {unknown}
 g - a potion of agility {unknown}
 h - a potion of resistance {unknown}
Books
 a - a book of Maledictions

   Spells                             Type                      Level
   a - Corona                         Hexes                        1
   b - Ensorcelled Hibernation        Hexes/Ice                    2
   c - Confuse                        Hexes                        3
   d - Tukima's Dance                 Hexes                        3
   e - Dazzling Spray                 Conjuration/Hexes            3
Comestibles
 b - 4 rations


   Skills:
 + Level 3.4 Dodging
 + Level 5.0 Stealth
 + Level 1.9 Unarmed Combat
 - Level 2.0 Spellcasting
 - Level 5.0 Hexes
 + Level 0.7 Ice Magic


You couldn't memorise any spells.
You knew the following spells:

 Your Spells              Type           Power        Failure   Level  Hunger
a - Corona                Hex            ###....      2%          1    #......
b - Ensorcelled Hibernat  Hex/Ice        ##....       9%          2    ###....
c - Confuse               Hex            ###.....     8%          3    ###....


Dungeon Overview and Level Annotations

Branches:
Dungeon (2/15)

Altars:

Annotations:
D:2 Robin


Innate Abilities, Weirdness & Mutations

You cannot wear armour.
You are incapable of wielding weapons or throwing items.
Your paws allow you to move quietly. (Stealth)
You have sharp claws.
You have razor-sharp teeth.
You have supernaturally acute eyesight. (SInv)
You are carnivorous and can eat meat at any time.
You cover ground quickly.
You are covered in fur. (AC +1)
You have a slow metabolism.
Your sharp claws are effective at attacking unaware monsters.


Message History

That would be overly suicidal.
Okay, then.
Casting: Ensorcelled Hibernation
Confirm with . or Enter, or press ? or * to list all spells.
Aiming: Confuse
Press: ? - help, Shift-Dir - straight line, f - centaur
Aim: a centaur (severely wounded, chance to defeat MR: 49%)
The centaur resists with some effort.
The centaur completely misses you. The centaur barely misses you.
Casting: Confuse
Confirm with . or Enter, or press ? or * to list all spells.
Aiming: Confuse
Press: ? - help, Shift-Dir - straight line, f/p - centaur
Aim: a centaur (severely wounded, chance to defeat MR: 49%)
You miscast Confuse.
You are very lightly contaminated with residual magic.
Multicoloured lights dance before your eyes!
The centaur hits you!
Ouch! That really hurt!
You die...

...#.....# .........#
#.##[.......#
####.....#
####.##........#
.......รท.#
..#.##........#
####..##...#
#.#.#.........# ......#
.#.................#
####.## .#
####..#.........# #.#
## #.c#.........# #.#
#.@#.........# #.#
#.....#'###### #.#
####.##.#.#### #.#
.#....#..#.##.# #.#
###.#.......#.##.# #.#
#................#
#.####.###.###........#
#........#.# ###..#####
######.....######.#


You could see a centaur.

Vanquished Creatures
  An adder (D:2)
  An ooze (D:2)
  2 dart slugs
  A leopard gecko (D:1)
  3 ball pythons
  3 giant cockroaches
  5 goblins (D:1)
  4 hobgoblins
  4 jackals
  7 bats
  2 frilled lizards (D:1)
  4 kobolds (D:1)
  8 rats
45 creatures vanquished.

Notes
Turn   | Place    | Note
-------+----------+-------------------------------------------
     0 | D:1      | inc the Felid Enchanter began the quest for the Orb.
     0 | D:1      | Reached XP level 1. HP: 7/7 MP: 4/4
   663 | D:1      | Reached XP level 2. HP: 7/11 MP: 6/6
   673 | D:1      | Learned a level 2 spell: Ensorcelled Hibernation
  1058 | D:1      | Reached skill level 5 in Hexes
  1480 | D:1      | Reached XP level 3. HP: 11/14 MP: 0/7
  1575 | D:1      | Learned a level 3 spell: Confuse
  1881 | D:2      | Noticed Robin
  2179 | D:2      | Reached skill level 5 in Stealth
  2409 | D:2      | Noticed a centaur
  2421 | D:2      | Slain by a centaur

Skill      XL: |  1  2  3 |
---------------+----------+-----
Dodging        | 3 |  3.4
Hexes          | 5 |  5.0
Stealth        | 5 |  5.0
Unarmed Combat | |  1.9
Spellcasting   | |  2.0
Ice Magic      | |  0.7

Action                   || total
-------------------------++-------
Melee: Unarmed           ||   140
       Bite              ||     6
 Cast: Corona            ||     1
       Ensorcelled Hiber ||    19
       Confuse           ||     2
 Stab: Sleeping          ||    27
  Eat: Chunk             ||    12
Armor: Skin              ||     3
Dodge: Dodged            ||   119
